 Dungeon Crawl Stone Soup version 0.30-a0-1075-gcd70e7a56d (webtiles) character file.

Game seed: 15690107343877821852

39 xian the Shooter (level 3, -4/21 HPs)
             Began as a Deep Elf Hunter on Apr 15, 2023.
             Slain by Robin
             ... wielding a +3 spear of freezing
              (6 damage)
             ... on level 2 of the Dungeon.
             The game lasted 00:02:48 (1135 turns).

xian the Shooter (Deep Elf Hunter)                  Turns: 1135, Time: 00:02:49

Health: -4/21      AC:  3    Str: 10    XL:     3   Next: 28%
Magic:  5/5        EV: 12    Int: 13    God:
Gold:   87         SH:  0    Dex: 18    Spells: 2/2 levels left

rFire   . . .      SeeInvis +    h - +0 war axe
rCold   . . .      Faith    .    (no shield)
rNeg    . . .      Spirit   .    c - +0 leather armour
rPois   .          Reflect  .    (no helmet)
rElec   .          Rampage  .    (no cloak)
rCorr   .                        (no gloves)
Will    .....                    (no boots)
Stlth   ++                       (no amulet)
HPRegen 0.23/turn                k - ring of wizardry
MPRegen 0.09/turn                o - ring of see invisible

@: no status effects
A: no striking features
a: no special abilities


You were on level 2 of the Dungeon.
You visited 1 branch of the dungeon, and saw 2 of its levels.

You collected 87 gold pieces.

Inventory:

Hand Weapons
 a - a +0 shortbow
 h - a +0 war axe (weapon)
Missiles
 g - 5 poisoned darts
 j - 3 javelins
Armour
 c - a +0 leather armour (worn)
 i - a +0 kite shield
Jewellery
 k - a ring of wizardry (left hand)
 o - a ring of see invisible (right hand)
Scrolls
 b - a scroll of immolation
 e - a scroll of identify {unknown}
 l - a scroll of brand weapon {unknown}
 p - a scroll of magic mapping {unknown}
 q - a scroll of silence {unknown}
Potions
 d - 3 potions of heal wounds {unknown}
 f - a potion of flight {unknown}
 m - a potion of lignification {unknown}
 n - a potion of attraction {unknown}
 r - a potion of magic {unknown}
 s - a potion of curing {unknown}
 t - a potion of ambrosia {unknown}


   Skills:
 + Level 1.7 Fighting
 + Level 6.5 Ranged Weapons
 + Level 0.4 Armour
 + Level 2.5 Dodging
 + Level 1.2 Stealth


You had 2 spell levels left.
You didn't know any spells.
Your spell library contained the following spells:

 Spells                   Type           Power      Damage    Failure   Level
 Passwall                 Tmut/Erth      0%         N/A       26%         2
 Dazzling Flash           Conj/Hex       0%         N/A       43%         3
 Animate Armour           Summ/Erth      0%         N/A       82%         4
 Passage of Golubria      Tloc           0%         N/A       82%         4
 Petrify                  Tmut/Erth      0%         N/A       82%         4
 Agony                    Necr           0%         N/A       98%         5
 Alistair's Intoxication  Tmut/Pois      0%         N/A       98%         5
 Blade Hands              Tmut           0%         N/A       98%         5
 Silence                  Hex/Air        0%         N/A       98%         5
 Conjure Ball Lightning   Conj/Air       0%         3x3d6     100%        6
 Iron Shot                Conj/Erth      0%         9d1       100%        6
 Discord                  Hex            0%         N/A       100%        8
 Disjunction              Tloc           0%         N/A       100%        8
 Lehudib's Crystal Spear  Conj/Erth      0%         10d2      100%        8
 Shatter                  Erth           0%         3d5*      100%        9


Dungeon Overview and Level Annotations

Branches:
Dungeon (2/15)

Altars:

Annotations:
D:2 Robin


Message History

You shoot an arrow.
The arrow hits the goblin but does no damage.
Robin roars a battlecry!
The goblin goes into a battle-frenzy!
The goblin completely misses you. The goblin hits you with a +0 dagger.
* * * LOW HITPOINT WARNING * * *
h - a +0 war axe (weapon)
Unknown command.
You closely miss the goblin. Robin throws the goblin at you!
The goblin closely misses you. The goblin barely misses you.
The goblin shoots a sling bullet.
The sling bullet barely misses you.
Robin says, "My goblins will feast on your bones."
The goblin misses you. The goblin hits you but does no damage.
You slash the goblin!
You kill the goblin!
You hit the goblin.
You kill the goblin!
The goblin shoots a sling bullet.
The sling bullet misses you. Robin throws the goblin at you!
The goblin hits you but does no damage.
A goblin comes into view. It is wielding a +0 dagger.
You hit the goblin.
You kill the goblin!
You hit the goblin.
The goblin unwields a +0 sling.
The goblin wields a +0 dagger.
The goblin hits you with a +0 dagger.
* * * LOW HITPOINT WARNING * * *
Robin hits you from afar with a +3 spear of freezing.
* * * LOW HITPOINT WARNING * * *
Robin freezes you.
* * * LOW HITPOINT WARNING * * *
A hobgoblin comes into view.
The goblin unwields a +0 dagger.
The goblin wields a +0 sling.
The goblin shoots a sling bullet.
The sling bullet hits you.
* * * LOW HITPOINT WARNING * * *
Robin closely misses you.
Things that are here:
a +0 dagger; a goblin corpse You barely miss Robin.
The goblin shoots a sling bullet.
The sling bullet barely misses you.
Robin hits you with a +3 spear of freezing.
You die...

..#...###.#.#
..'...###.#.#
###.......#.#
......##..#.#
#...#.......##
..(...##.....#
.......#.###.#
.####..#.# #.#######
.#.......###...g@.)#
.#.##........g####g#
.#.##.#######.# g#
......# #)# g!
##.#### #g# .##
#...# #.. .# #...#
###. ## #...# gg
#...# ..


You could see Robin and 2 goblins.

Vanquished Creatures
  A worm (D:2)
  2 ball pythons (D:1)
  4 bats
  3 endoplasms
  A giant cockroach (D:1)
  9 goblins
  2 hobgoblins (D:1)
  3 kobolds
  2 quokkas (D:1)
  A frilled lizard (D:1)
  3 rats
31 creatures vanquished.

Notes
Turn   | Place    | Note
-------+----------+-------------------------------------------
     0 | D:1      | xian the Deep Elf Hunter began the quest for the Orb.
     0 | D:1      | Reached XP level 1. HP: 12/12 MP: 3/3
     1 | D:1      | Noticed an electric eel
   135 | D:1      | Reached XP level 2. HP: 16/16 MP: 4/4
   144 | D:1      | Reached skill level 6 in Ranged Weapons
   647 | D:1      | Got the Handbook of Tectonic Vitiation
   887 | D:2      | Reached XP level 3. HP: 21/21 MP: 5/5
  1109 | D:2      | Noticed Robin
  1134 | D:2      | HP: 1/21 [goblin/sling bullet[Robin] (2)]
  1135 | D:2      | Slain by Robin

Illustrated notes

Levels and vault maps discovered:
D:1:      arrival_aquarium_a, layout_loops_ring, serial_park_tiny_1,
          grunt_decor_mini_mirrors
D:2:      layout_loops_cross, corexii_corridor_pit, kennysheep_nondescript,
          minmay_misc_feat_enclosed, uniq_robin

Skill      XL: |  1  2 |
---------------+-------+-----
Ranged Weapons | 6 |  6.5
Fighting       | |  1.7
Armour         | |  0.4
Dodging        | |  2.5
Stealth        | |  1.2

Action                     || total
---------------------------++-------
  Melee: War axe           ||     4
   Fire: Shortbow          ||    75
 Armour: Leather armour    ||    11
  Dodge: Dodged            ||    34

Table legend: (Time is in decaauts)
 A = Elapsed time spent in this place.
 B = Non-inter-level travel time spent in this place.
 C = Inter-level travel time spent in this place.
 D = Time resting spent in this place.
 E = Time spent auto-exploring this place.
 F = Levels seen in this place.
 G = Mean time per level.
                   A        B        C        D        E       F      G
               +--------+--------+--------+--------+--------+-----+--------+
         Total |   1154 |   1139 |     15 |      0 |    907 |   2 |  577.0 |
       Dungeon |   1154 |   1139 |     15 |      0 |    907 |   2 |  577.0 |
               +--------+--------+--------+--------+--------+-----+--------+

Top non-repeatable levels by time:
     D:1: 746 daAuts
     D:2: 407 daAuts
